 Dungeon Crawl Stone Soup version 0.29-a0-575-g0dc89cf053 (webtiles) character file.

Game seed: 11334813469561593139

5172 tilp the Scholar of Death (level 10, -4/76 HPs)
             Began as a Mummy Necromancer on June 12, 2022.
             Was a Follower of Kikubaaqudgha.
             Slain by a troll zombie (7 damage)
             ... on level 9 of the Dungeon.
             The game lasted 00:21:18 (13799 turns).

tilp the Scholar of Death (Mummy Necromancer)      Turns: 13799, Time: 00:21:18

Health: -4/76      AC:  6    Str: 12    XL:     10   Next: 34%
Magic:  20/20      EV: 13    Int: 18    God:    Kikubaaqudgha [*.....]
Gold:   289        SH:  0    Dex: 13    Spells: 10/23 levels left

rFire   x . .      SeeInvis .   b - +2 quarterstaff (chaos)
rCold   + . .      Faith    .   (shield currently unavailable)
rNeg    + + +      Spirit   .   d - +0 robe
rPois   ∞          Reflect  .   (no helmet)
rElec   .          Harm     .   r - +1 cloak
rCorr   .          Rampage  .   c - +1 pair of gloves
Will    +....                   (no boots)
Stlth   ++........              (no amulet)
HPRegen 0.22/turn               (no ring)
MPRegen 0.17/turn               (no ring)

@: no status effects
A: cold resistance 1, negative energy resistance 3, torment resistance 2, heat
vulnerability 1, in touch with death 1, no potions
a: Renounce Religion, Unearth Wretches


You were on level 9 of the Dungeon.
You worshipped Kikubaaqudgha.
Kikubaaqudgha was aware of your devotion.
You visited 2 branches of the dungeon, and saw 10 of its levels.

You collected 377 gold pieces.
You spent 88 gold pieces at shops.

Inventory:

Hand Weapons
 a - a +4 dagger of freezing
 b - a +2 quarterstaff of chaos (weapon)
 q - a +0 demon blade of pain
 s - a +0 whip of flaming
Missiles
 e - 382 stones
 l - 3 poisoned darts (quivered)
 n - 5 atropa-tipped darts
Armour
 c - a +1 pair of gloves (worn)
 d - a +0 robe (worn)
 r - a +1 cloak (worn)
Wands
 h - a wand of polymorph (5)
 m - a wand of flame (15)
 o - a wand of digging (7)
Scrolls
 f - a scroll of identify
 g - 2 scrolls of teleportation
 i - a scroll of poison
 j - 2 scrolls of vulnerability
 k - a scroll of fog
 p - 3 scrolls of magic mapping
 u - 2 scrolls of enchant weapon


   Skills:
 - Level 6.0 Fighting
 + Level 0.9 Staves
 - Level 4.0 Dodging
 - Level 4.0 Stealth
 - Level 7.0 Spellcasting
 + Level 11.1 Necromancy
 - Level 4.0 Evocations


You had 10 spell levels left.
You knew the following spells:

 Your Spells              Type           Power      Damage    Failure   Level
a - Necrotize             Necr           100%       1d9       1%          1
b - Vampiric Draining     Necr           62%        2d10      1%          3
c - Animate Dead          Necr           62%        N/A       1%          4
d - Agony                 Necr           62%        N/A       3%          5

Your spell library contained the following spells:

 Spells                   Type           Power      Damage    Failure   Level
 Apportation              Tloc           12%        N/A       11%         1
 Shock                    Conj/Air       24%        1d4       11%         1
 Summon Small Mammal      Summ           24%        N/A       11%         1
 Anguish                  Hex/Necr       19%        N/A       11%         4
 Swiftness                Air            6%         N/A       32%         3
 Airstrike                Air            3%         N/A       71%         4
 Conjure Ball Lightning   Conj/Air       3%         3x3d6     100%        6
 Discord                  Hex            3%         N/A       100%        8
 Disjunction              Tloc           3%         N/A       100%        8


Dungeon Overview and Level Annotations

Branches:
Dungeon (9/15)             Temple (1/1) D:5             Orc (0/2) D:9
   Lair: D:8-11

Altars:
Cheibriados
Dithmenos
Fedhas
Hepliaklqana
Kikubaaqudgha
Makhleb
Nemelex Xobeh
Okawaru
Qazlal
Ru
Sif Muna
Trog
Vehumet
Wu Jian
Xom
Yredelemnul
Zin
The Shining One

Shops:
D:3 ?

Annotations:
D:5 exclusion: phantom
D:7 3 runed translucent doors, QuickerDeath's ghost, novice BaFi; SlaveLabor's ghost, novice DEAE
D:9 Gastronok


Innate Abilities, Weirdness & Mutations

You are immune to poison.
Your flesh is cold resistant. (rC+)
You are immune to negative energy. (rN+++)
You are immune to unholy pain and torment.
You are vulnerable to heat. (rF-)
You are in touch with the powers of death.
You do not drink.


Message History

Your bullfrog zombie hits the troll zombie.
You hit the troll zombie but do no damage.
The troll zombie is heavily damaged.
The troll zombie closely misses you. The troll zombie misses you.
The troll zombie claws you.
Your bullfrog zombie hits the troll zombie but does no damage.
Your hobgoblin zombie hits the troll zombie.
The troll zombie bites you!
* * * LOW HITPOINT WARNING * * *
The troll zombie claws you.
* * * LOW HITPOINT WARNING * * *
The troll zombie barely misses you.
Your bullfrog zombie hits the troll zombie.
You thump the troll zombie!
The troll zombie is severely damaged.
Your hobgoblin zombie hits the troll zombie.
The troll zombie bites your hobgoblin zombie!
Your hobgoblin zombie is destroyed!
Your bullfrog zombie hits the troll zombie.
Unknown command.
You hit the troll zombie but do no damage.
The troll zombie is almost destroyed.
Your bullfrog zombie hits the troll zombie but does no damage.
The troll zombie misses you. The troll zombie claws you.
* * * LOW HITPOINT WARNING * * *
The troll zombie claws you.
* * * LOW HITPOINT WARNING * * *
Your bullfrog zombie barely misses the troll zombie.
The troll zombie misses you. The troll zombie claws you!
* * * LOW HITPOINT WARNING * * *
The troll zombie misses you.
You hit the troll zombie. You burn the troll zombie.
The troll zombie is almost destroyed.
Your bullfrog zombie barely misses the troll zombie.
The troll zombie bites you but does no damage.
The troll zombie claws you.
* * * LOW HITPOINT WARNING * * *
The troll zombie claws you!
You die...
Kikubaaqudgha rasps: "You have failed me!
Welcome... oblivion!"

#.......######....###
#.......#.. +....#
#.......#.####....#
###+###.#........##
###.......##.#
#.........##$#
#.#.##......##.# ####
#....'>Z.....#'#####+##
...#
######.Z@.............#
...#
#....................#
...#
#....................#
...#
#....................# .
...#
#....................##.
...#
##..........#............
..)###
#.....^.....#..........##
.....#
#...........#..........#.
.....#
#!.)......<.#..........#.


You could see a troll zombie (fast, ally target) and a friendly bullfrog zombie.

Vanquished Creatures
  Pikel (D:6)
  A hornet (D:7)
  5 yaks
  2 steam dragons
  A water moccasin (D:7)
  2 orc warriors (D:8)
  A sky beast (D:7)
  2 black bears (D:6)
  3 ice beasts
  3 lemures (D:5)
  A phantom (D:9)
  4 scorpions
  A necrophage (D:7)
  5 bullfrogs
  2 howler monkeys
  2 orc priests
  4 hounds
  A jelly (D:6)
  A gnoll shaman (D:7)
  Crazy Yiuf (D:6)
  Jessica (D:2)
  2 iguanas
  8 orc wizards
  3 ogre zombies (D:9)
  9 adders
  9 gnolls
  An ufetubus (D:5)
  A worm (D:2)
  6 dart slugs
  17 orcs
  3 bats
  3 endoplasms
  A giant cockroach (D:3)
  A goblin (D:4)
  7 hobgoblins
  4 jackals (D:3)
  5 quokkas
  2 ball pythons
  5 frilled lizards
  2 goblin zombies (D:9)
  A hobgoblin skeleton (D:9)
  3 hobgoblin zombies (D:9)
  5 kobolds
  2 orc skeletons (D:9)
  6 orc zombies (D:9)
  6 rats
156 creatures vanquished.

Vanquished Creatures (collateral kills)
  A two-headed ogre (D:8)
  A yak (D:9)
  A two-headed ogre zombie (D:9)
  A phantom (D:9)
  A bullfrog (D:7)
  A hound (D:5)
  An orc wizard (D:8)
  2 ogre zombies (D:9)
  2 gnolls
  An adder (D:5)
  A white imp (D:7)
  2 orcs
  A goblin (D:3)
  A jackal (D:3)
  A bat (D:2)
  A frilled lizard (D:1)
  A goblin skeleton (D:9)
  2 goblin zombies (D:9)
  A hobgoblin zombie (D:9)
  An orc skeleton (D:9)
  3 orc zombies (D:9)
27 creatures vanquished.

Vanquished Creatures (others)
  An unseen horror (D:9)
  A bullfrog (D:9)
  A water moccasin zombie (D:7)
  3 yak zombies (D:9)
  2 bullfrog zombies
  An ogre zombie (D:9)
  An adder zombie (D:5)
  5 orc zombies (D:8)
  2 gnoll zombies (D:5)
  A hobgoblin (D:9)
  A hobgoblin zombie (D:9)
19 creatures vanquished.

Grand Total: 202 creatures vanquished

Notes
Turn   | Place    | Note
-------+----------+-------------------------------------------
     0 | D:1      | tilp the Mummy Necromancer began the quest for the Orb.
     0 | D:1      | Reached XP level 1. HP: 13/13 MP: 4/4
   123 | D:1      | Reached XP level 2. HP: 20/20 MP: 2/5
   634 | D:1      | Reached skill level 1 in Fighting
  1276 | D:2      | Gained mutation: You are in touch with the powers of death.
                  | [Mummy growth]
  1276 | D:2      | Reached XP level 3. HP: 26/26 MP: 2/7
  1280 | D:2      | Learned a level 3 spell: Vampiric Draining
  1474 | D:2      | You fall into a shaft and drop 2 floors!
  1811 | D:5      | Entered Level 5 of the Dungeon
  1983 | D:4      | Reached XP level 4. HP: 31/33 MP: 2/8
  2070 | D:4      | Reached skill level 5 in Necromancy
  2307 | D:3      | Found Kauna's Magic Scroll Shop.
  2422 | D:2      | Noticed Jessica
  2428 | D:2      | Killed Jessica
  2429 | D:2      | Reached XP level 5. HP: 30/38 MP: 6/9
  2894 | D:3      | Bought a scroll of teleportation for 33 gold pieces
  2894 | D:3      | Bought a scroll of identify for 22 gold pieces
  2894 | D:3      | Bought a scroll of teleportation for 33 gold pieces
  2923 | D:3      | Reached skill level 6 in Necromancy
  3776 | D:5      | Reached XP level 6. HP: 33/44 MP: 5/11
  3785 | D:5      | Learned a level 4 spell: Animate Dead
  3856 | D:5      | Found a staircase to the Ecumenical Temple.
  4116 | D:5      | Learned a level 5 spell: Agony
  4424 | D:5      | Reached XP level 7. HP: 48/52 MP: 9/13
  4473 | D:5      | Reached skill level 7 in Necromancy
  5565 | D:6      | Reached skill level 5 in Spellcasting
  5627 | D:6      | Found a runed translucent door.
  5628 | D:6      | Noticed Crazy Yiuf
  5642 | D:6      | Noticed Pikel
  6017 | D:6      | Reached skill level 8 in Necromancy
  6143 | D:6      | Found a burning altar of Makhleb.
  6187 | D:6      | Reached XP level 8. HP: 56/60 MP: 9/15
  6579 | D:6      | Found an ornate altar of the Wu Jian Council.
  6632 | D:6      | Killed Pikel
  6633 | D:6      | Reached skill level 1 in Evocations
  6948 | D:6      | Killed Crazy Yiuf
  7077 | D:7      | Reached skill level 5 in Fighting
  7420 | D:7      | Reached skill level 9 in Necromancy
  7427 | D:7      | Reached XP level 9. HP: 67/68 MP: 6/17
  7797 | D:7      | Found a runed translucent gate.
  7797 | D:7      | Found a runed translucent gate.
  8048 | D:7      | Found a runed translucent gate.
  8049 | D:7      | Noticed QuickerDeath's ghost (novice BaFi)
  8049 | D:7      | Noticed SlaveLabor's ghost (novice DEAE)
  8822 | D:7      | HP: 3/69 [yak (9)]
 10152 | D:8      | Noticed a two-headed ogre
 10970 | D:8      | Reached skill level 10 in Necromancy
 11107 | D:8      | Killed a two-headed ogre
 11108 | D:8      | Reached XP level 10. HP: 57/76 MP: 12/20
 12413 | Temple   | Entered the Ecumenical Temple
 12507 | Temple   | Became a worshipper of Kikubaaqudgha
 12954 | D:9      | Found a staircase to the Orcish Mines.
 13079 | D:9      | Reached * piety under Kikubaaqudgha
 13079 | D:9      | Received a gift from Kikubaaqudgha
 13106 | D:9      | Reached skill level 11 in Necromancy
 13455 | D:9      | Noticed Gastronok
 13799 | D:9      | HP: 3/76 [troll zombie (4)]
 13799 | D:9      | Slain by a troll zombie

Illustrated notes

Levels and vault maps discovered:
D:1:      matt_arrival_refuge, layout_basic, chequers_jeans,
          lemuel_another_geyser
D:2:      layout_loops_ring, uniq_jessica
D:3:      layout_rooms, serial_shops,
          nicolae_shop_temple_entry_statues_fountains
D:4:      layout_basic
D:5:      layout_basic, minmay_temple_entry_statues
D:6:      layout_cave_pools, overflow_temple_1_default,
          nzn_wu_jian_contemplation, uniq_crazy_yiuf_cottage, uniq_pikel
D:7:      layout_basic, gammafunk_ghost_cemetery
D:8:      layout_loops_ring
D:9:      layout_basic, lair_entry_dummy, zombieorc2_lemuel, minivault_16,
          uniq_gastronok
Temple:   lightli_temple_of_artemis

Skill      XL: |  1  2  3  4  5  6  7  8  9 10 |
---------------+-------------------------------+-----
Fighting       | 1 2 3 4 5 6 |  6.0
Spellcasting   | 3 4 5 7 |  7.0
Stealth        | 2 3 4 |  4.0
Dodging        | 2 4 |  4.0
Necromancy     | 5 6 8 9 10 11 | 11.1
Evocations     | 1 4 |  4.0
Staves         | |  0.9

Action                   |  1- 3 |  4- 6 |  7- 9 | 10-12 || total
-------------------------+-------+-------+-------+-------++-------
Melee: Unarmed           |     2 |       |       |       ||     2
       Whip              |     2 |       |       |       ||     2
       Dagger            |       |    61 |   194 |    15 ||   270
       Punch             |       |     1 |     1 |       ||     2
       Quarterstaff      |       |       |       |    88 ||    88
Throw: Dart              |       |       |     3 |       ||     3
 Cast: Necrotize         |    65 |    74 |    99 |    11 ||   249
       Vampiric Draining |       |     3 |    13 |       ||    16
       Animate Dead      |       |     1 |     8 |     3 ||    12
       Agony             |       |       |    35 |     7 ||    42
Invok: Unearth Wretches  |       |       |       |     1 ||     1
Evoke: Wand              |       |       |     3 |       ||     3
  Use: Scroll            |     9 |     4 |     8 |     1 ||    22
 Stab: Distracted        |       |     1 |       |     1 ||     2
       Sleeping          |       |     2 |     3 |     1 ||     6
Armor: Robe              |     5 |    22 |    93 |    29 ||   149
Dodge: Dodged            |    23 |    70 |   159 |    77 ||   329

Table legend: (Time is in decaauts)
 A = Elapsed time spent in this place.
 B = Non-inter-level travel time spent in this place.
 C = Inter-level travel time spent in this place.
 D = Time resting spent in this place.
 E = Time spent auto-exploring this place.
 F = Levels seen in this place.
 G = Mean time per level.
                   A        B        C        D        E       F      G
               +--------+--------+--------+--------+--------+-----+--------+
         Total |  13847 |  12900 |    947 |   4119 |   6388 |  10 | 1384.7 |
       Dungeon |  13732 |  12805 |    927 |   4119 |   6304 |   9 | 1525.8 |
        Temple |    114 |     94 |     20 |      0 |     84 |   1 |  114.0 |
               +--------+--------+--------+--------+--------+-----+--------+

Top non-repeatable levels by time:
     D:7: 2812 daAuts
     D:5: 2436 daAuts
     D:6: 2001 daAuts
     D:8: 1678 daAuts
     D:1: 1179 daAuts
     D:4: 1153 daAuts
     D:9: 946 daAuts
     D:2: 870 daAuts
     D:3: 655 daAuts
  Temple: 114 daAuts
